 Dungeon Crawl Stone Soup version 0.24-a0-445-gd5110b030a (webtiles) character file.

Game seed: 5907170253398090636

98 theanonym the Ruffian (level 4, -5/35 HPs)
             Began as a Draconian Transmuter on June 22, 2019.
             Slain by an iron imp (11 damage)
             ... summoned by Natasha
             ... on level 1 of the Dungeon.
             The game lasted 00:02:42 (1826 turns).

theanonym the Ruffian (Draconian Transmuter)        Turns: 1826, Time: 00:02:43

Health: -5/35      AC:  6    Str: 12    XL:     4   Next: 44%
Magic:  1/7        EV: 12    Int: 15    God:
Gold:   127        SH:  0    Dex: 11    Spells: 0/7 levels left

rFire    . . .     SeeInvis .     - Unarmed
rCold    . . .     Gourm    .   (no shield)
rNeg     . . .     Faith    .   (armour unavailable)
rPois    .         Spirit   .   (helmet restricted)
rElec    .         Reflect  .   (no cloak)
rCorr    .         Harm     .   f - +0 pair of gloves
MR       .....                  (boots currently unavailable)
Stlth    +.........             (no amulet)
HPRegen  0.11/turn              (no ring)
MPRegen  0.10/turn              (no ring)

@: appendage (expiring), very slightly contaminated, slowed, very slow
A: unfitting armour, talons 3, cold-blooded, AC +5
a: End Transformation


Innate Abilities, Weirdness & Mutations

Your plain brown scales are hard. (AC +5)
You cannot fit into any form of body armour.
You are cold-blooded and may be slowed by cold attacks.
You have claws for feet.


   Skills:
 - Level 1.1 Fighting
 - Level 1.7 Dodging
 * Level 4.5 Unarmed Combat
 + Level 2.1 Spellcasting
 + Level 3.0 Transmutations
 + Level 0.3 Ice Magic


You couldn't memorise any spells.
You knew the following spells:

 Your Spells              Type           Power        Failure   Level  Hunger
a - Beastly Appendage     Tmut           ##....       6%          1    #......
b - Sticks to Snakes      Tmut           ##......     10%         2    ###....
c - Ice Form              Ice/Tmut       #.......     71%         4    #####..

Your spell library contained the following spells:

 Spells                   Type           Power        Failure   Level  Hunger
 Spider Form              Tmut/Pois      #.........   34%         3    ###....
 Blade Hands              Tmut           ##........   86%         5    ######.

Skill      XL: |  1  2  3 |
---------------+----------+-----
Unarmed Combat | 4 |  4.5
Transmutations | 3 |  3.0
Fighting       | |  1.1
Dodging        | |  1.7
Spellcasting   | |  2.1
Ice Magic      | |  0.3

Action                   |  1- 3 |  4- 6 || total
-------------------------+-------+-------++-------
Melee: Unarmed           |   333 |    29 ||   362
       Kick              |    12 |     1 ||    13
       Tailslap          |    70 |     1 ||    71
       Headbutt          |    18 |       ||    18
       Punch             |     8 |       ||     8
 Cast: Beastly Appendage |    12 |     3 ||    15
       Sticks to Snakes  |     3 |     3 ||     6
  Use: Scroll            |     4 |       ||     4
 Stab: Distracted        |     1 |       ||     1
  Eat: Ration            |     1 |       ||     1
       Chunk             |       |     1 ||     1
Armor: Skin              |    29 |    31 ||    60
Dodge: Dodged            |    86 |    61 ||   147

Inventory:

Missiles
 a - 6 arrows
Armour
 f - a +0 pair of gloves (worn)
Wands
 c - a wand of iceblast (7)
Scrolls
 d - a scroll of amnesia
 n - a scroll of remove curse
 r - a scroll of identify
Comestibles
 e - 2 rations


You were on level 1 of the Dungeon.
You were not hungry.
You had grown temporary talons.
You visited 1 branch of the dungeon, and saw 2 of its levels.

You collected 127 gold pieces.

Dungeon Overview and Level Annotations

Branches:
Dungeon (2/15)

Altars:

Annotations:
D:1 Natasha

#####♣...♣#.#
....#....##.######
###..♣.♣.♣.......#
###.#####[####.#
#.#####.# #.# #.......#
#.#
################.###
.....,,,,* #>h...#
.)...,,,,* #.5@..#
##...,,,,* #...5.#*
##,..,,,,* #......#
.#,..,..,* #......#
.#,.##.#** #.##.#.#
.#.....* *♣.*..#.#
##...###*****..*###.#
##..)...,,*P♣..****,*
........***,,,,P*,,,***
***


You could see an iron imp, Natasha and a crimson imp.

Notes
Turn   | Place    | Note
-------+----------+-------------------------------------------
     0 | D:1      | theanonym the Draconian Transmuter began the quest for the
                  | Orb.
     0 | D:1      | Reached XP level 1. HP: 16/16 MP: 3/3
   147 | D:1      | Reached XP level 2. HP: 19/23 MP: 5/5
   158 | D:1      | Learned a level 2 spell: Sticks to Snakes
   512 | D:1      | Reached XP level 3. HP: 27/28 MP: 6/6
  1034 | D:2      | Reached skill level 4 in Unarmed Combat
  1057 | D:2      | HP: 13/28 [adder (2)]
  1080 | D:2      | HP: 14/28 [rat (1)]
  1090 | D:2      | HP: 13/28 [rat (2)]
  1274 | D:2      | Reached skill level 3 in Transmutations
  1274 | D:2      | Reached XP level 4. HP: 35/35 MP: 5/7
  1280 | D:2      | Learned a level 4 spell: Ice Form
  1463 | D:2      | Noticed Natasha
  1519 | D:1      | Killed Natasha
  1794 | D:1      | Noticed Natasha
  1824 | D:1      | HP: 13/35 [Natasha (7)]
  1825 | D:1      | HP: 6/35 [Natasha (5)]
  1826 | D:1      | Slain by an iron imp

Vanquished Creatures
  Natasha (D:1)
  3 adders (D:2)
  A worm (D:2)
  2 leopard geckos (D:1)
  3 goblins
  6 hobgoblins
  5 jackals (D:1)
  4 kobolds
  A ball python (D:1)
  3 bats
  6 frilled lizards
  7 rats
  A bush (D:1)
  A plant (D:1)
44 creatures vanquished.

Vanquished Creatures (collateral kills)
  An ooze (D:2)
  A giant cockroach (D:2)
  A kobold (D:2)
3 creatures vanquished.

Grand Total: 47 creatures vanquished

Table legend:
 A = Turns spent in this place as a percentage of turns spent in the entire game.
 B = Non-inter-level travel turns spent in this place as a percentage of non-inter-level travel turns spent in the entire game.
 C = Inter-level travel turns spent in this place as a percentage of turns spent in this place.
 D = Turns resting spent in this place as a percentage of non-inter-level travel turns spent in this place.
 E = Turns spent auto-exploring this place as a percentage of non-inter-level travel turns spent in this place.
 F = Non-inter-level travel turns spent in this place divided by the number of levels of this place that you've seen.
                   A       B       C       D       E      F
               +-------+-------+-------+-------+-------+----------------------
         Total | 100.0 | 100.0 |   2.4 |  24.2 |  43.1 | 891.0
       Dungeon | 100.0 | 100.0 |   2.4 |  24.2 |  43.1 | 891.0
               +-------+-------+-------+-------+-------+----------------------
